 Dungeon Sprint DCSS version 0.30.1-11-g7821555f0a (webtiles) character file.

Game seed: 3978773206085265433

107 boopmooplesden the Twirler (level 4, 0/49 HPs)
             Began as an Ogre Gladiator on Nov 8, 2023.
             Was an Initiate of Trog.
             Slain by a two-headed ogre
             ... wielding a +0 giant spiked club
              (30 damage)
             ... in the Dungeon (Sprint IX: "|||||||||||||||||||||||||||||").
             The game lasted 00:00:43 (283 turns).

boopmooplesden the Twirler (Ogre Gladiator)          Turns: 283, Time: 00:00:44

Health: 0/49       AC:  5    Str: 20    XL:     4   Next: 86%
Magic:  4/4        EV: 11    Int: 12    God:    Trog [......]
Gold:   0          SH:  0    Dex: 10    Spells: 3/3 levels left

rFire   . . .        m - +4 quarterstaff (speed)
rCold   . . .        (shield currently unavailable)
rNeg    . . .        b - +0 robe
rPois   .            c - +0 hat
rElec   .            (no cloak)
rCorr   .            (gloves unavailable)
SInv    .            (boots unavailable)
Will    .....        (no amulet)
Stlth   +            n - +2 ring of protection
HPRegen 0.28/turn    o - +3 ring of intelligence
MPRegen 0.09/turn

%: no teleportation
@: no status effects
A: large, unfitting armour, tough skin 1
a: Renounce Religion


You were in the Dungeon.
You worshipped Trog.
Trog was noncommittal.
You visited 1 branch

Inventory:

Hand Weapons
 a - a +0 quarterstaff
 m - a +4 quarterstaff of speed (weapon)
Missiles
 d - 3 throwing nets (quivered)
 e - a large rock
Armour
 b - a +0 robe (worn)
 c - a +0 hat (worn)
Jewellery
 n - a +2 ring of protection (left hand)
 o - a +3 ring of intelligence (right hand)
Wands
 l - a wand of iceblast (10)
Scrolls
 k - 2 scrolls of blinking
Potions
 f - 5 potions of curing
 g - 3 potions of heal wounds
 h - a potion of haste
 i - 4 potions of magic
 j - a potion of invisibility


   Skills:
 + Level 4.6 Fighting
 + Level 6.8 Staves
 + Level 3.4 Throwing
 + Level 5.6 Dodging


You had 3 spell levels left.
You didn't know any spells.
Your spell library was empty.

Dungeon Overview and Level Annotations

Branches:
Dungeon (1/1)

Altars:
Cheibriados
Dithmenos
Elyvilon
Fedhas
Gozag
Hepliaklqana
Kikubaaqudgha
Makhleb
Nemelex Xobeh
Okawaru
Qazlal
Ru
Sif Muna
Trog
Uskayaw
Vehumet
Wu Jian
Xom
Yredelemnul
Zin
The Shining One
Jiyva
Lugonu


Innate Abilities, Weirdness & Mutations

You are too large for most types of armour.
You have tough skin. (AC +1)


Message History

There is an open door here.
Found a +2 ring of protection.
i - 4 potions of magic (gained 2);
j - a potion of invisibility
g - 3 potions of heal wounds (gained 2);
f - 5 potions of curing (gained 4)
Found a +3 ring of intelligence.
k - 2 scrolls of blinking (gained 1)
You see here 2 scrolls of amnesia.
l - a wand of iceblast (10)
Items here: )))))).
You see here a +0 pair of boots.
m - a +0 pair of boots You see here a +0 pair of gloves.
You drop a +0 pair of boots.
Items here: )))))).
m - a +4 quarterstaff of speed Your hands tingle!
m - a +4 quarterstaff of speed (weapon)
You see here 2 scrolls of amnesia.
Items here: ))))).
Things that are here:
a +0 pair of boots; a +0 pair of gloves You see here a +2 ring mail.
n - a +2 ring of protection
o - a +3 ring of intelligence
n - a +2 ring of protection (left hand)
You feel clever.
o - a +3 ring of intelligence (right hand)
You open the door.
A two-headed ogre, a vampire mosquito, a killer bee and 2 orcs come into view.
The two-headed ogre shouts in stereo!
The vampire mosquito buzzes angrily.
The orc warrior shouts!
The killer bee buzzes angrily.
The orc wizard shouts!
You thump the two-headed ogre!
The two-headed ogre is moderately wounded.
You barely miss the two-headed ogre.
The two-headed ogre is moderately wounded.
The two-headed ogre hits you with a +0 giant spiked club!!
The two-headed ogre hits you with a +0 giant club!!
Ouch! That really hurt!
You die...

▓.▓
▓?▓
▓)▓
▓.▓
▓.▓
▓[▓
▓[▓
▓.▓
▓@▓
▓O▓
▓y▓
▓.▓
▓y▓
▓.▓
▓o▓
▓o▓


You could see a two-headed ogre, an orc warrior, a vampire mosquito, a killer
bee and an orc wizard.

Vanquished Creatures
  A scorpion (D)
  An iguana (D)
  An adder (D)
  An ufetubus (D)
  An orc (D)
  A ball python (D)
  A bat (D)
  An endoplasm (D)
  A hobgoblin (D)
  A kobold (D)
10 creatures vanquished.

Notes
Turn   | Place    | Note
-------+----------+-------------------------------------------
     0 | D        | boopmooplesden the Ogre Gladiator began the quest for the
                  | Orb.
     0 | D        | Reached XP level 1. HP: 22/22 MP: 1/1
    20 | D        | Reached XP level 2. HP: 24/31 MP: 2/2
   203 | D        | Noticed a scorpion
   210 | D        | Reached skill level 4 in Staves
   211 | D        | Killed a scorpion
   212 | D        | Reached skill level 6 in Staves
   212 | D        | Reached skill level 5 in Dodging
   212 | D        | Reached XP level 3. HP: 39/39 MP: 3/3
   212 | D        | Reached XP level 4. HP: 48/48 MP: 4/4
   224 | D        | Found a snail-covered altar of Cheibriados.
   224 | D        | Found a shadowy altar of Dithmenos.
   224 | D        | Found a white marble altar of Elyvilon.
   224 | D        | Found a blossoming altar of Fedhas.
   224 | D        | Found an opulent altar of Gozag.
   225 | D        | Found a hazy altar of Hepliaklqana.
   226 | D        | Found a viscous altar of Jiyva.
   227 | D        | Found an ancient bone altar of Kikubaaqudgha.
   228 | D        | Found a corrupted altar of Lugonu.
   229 | D        | Found a burning altar of Makhleb.
   230 | D        | Found a sparkling altar of Nemelex Xobeh.
   231 | D        | Found an iron altar of Okawaru.
   232 | D        | Found a stormy altar of Qazlal.
   233 | D        | Found a sacrificial altar of Ru.
   234 | D        | Found a shimmering blue altar of Sif Muna.
   235 | D        | Found a bloodstained altar of Trog.
   236 | D        | Found a hide-covered altar of Uskayaw.
   237 | D        | Found a radiant altar of Vehumet.
   238 | D        | Found an ornate altar of the Wu Jian Council.
   239 | D        | Found a shimmering altar of Xom.
   240 | D        | Found a basalt altar of Yredelemnul.
   241 | D        | Found a glowing silver altar of Zin.
   242 | D        | Found a glowing golden altar of the Shining One.
   243 | D        | Became a worshipper of Trog the Wrathful
   281 | D        | Noticed a two-headed ogre
   281 | D        | Noticed a vampire mosquito
   281 | D        | Noticed an orc warrior
   283 | D        | Slain by a two-headed ogre

Illustrated notes

Levels and vault maps discovered:
D:        linesprint [early_d, line_temple, items_1, d_10, items_2, lair_1,
          lair_end, items_3, orc_1, orc_end, items_4, d_15, swamp_1, shoals_1,
          snake_1, spider_1, d_20, vaults_1, items_5, swamp_end, shoals_end,
          snake_end, spider_end, vaults_end, d_27, items_6, zot_1, zot_end,
          crypt_end, forest_end, elf_end, slime_end, tomb_end, abyss_end,
          pan_hell_end]

Skill      XL: |  1  2 |
---------------+-------+-----
Dodging        | 3 5 |  5.6
Fighting       | 3 4 |  4.6
Staves         | 6 |  6.8
Throwing       | 3 |  3.4

Action                     |  1- 3 |  4- 6 || total
---------------------------+-------+-------++-------
  Melee: Quarterstaff      |    23 |     8 ||    31
    Use: Potion            |     1 |       ||     1
 Armour: Robe              |     7 |       ||     7
  Dodge: Dodged            |    15 |     4 ||    19
